 Dungeon Crawl Stone Soup version 0.32-a0-522-g3863d58 (webtiles) character file.

Game seed: 4861676454735568959

3281414 jagoly the Coglin Cataclysm (level 27, 238/238 HPs)
             Began as a Coglin Artificer on Feb 25, 2024.
             Was a High Priest of Qazlal.
             Escaped with the Orb
             ... and 5 runes on Feb 27, 2024!
             The game lasted 06:07:20 (68555 turns).

jagoly the Coglin Cataclysm (Coglin Artificer)     Turns: 68555, Time: 06:07:20

Health: 238/238    AC: 40    Str: 26    XL:     27
Magic:  41/48      EV: 22    Int: 20    God:    Qazlal [*****.]
Gold:   6603       SH: 12    Dex: 16    Spells: 21/26 levels left

rFire   + + .        a - +18 lance "Wyrmbane" {slay drac, rPois rF+ rC+ AC+3}
rCold   + + .        b - +18 war axe "Bupoexua" {freeze, Will+}
rNeg    + . .        x - +5 swamp dragon scales of the Pits of Slime {rPois rN+ Regen+ MP+9 Int+4}
rPois   +            K - +2 hood of the Assassin {Detect Stab+ Stlth++}
rElec   +            I - +2 cloak {rCorr}
rCorr   +            Y - +2 pair of gloves {Str+3}
SInv    +            E - +2 pair of boots {Fly}
Will    ++++.        p - amulet "Jirula" {Reflect Fly Int+3 SH+5 SInv}
Stlth   +            (ring unavailable)
HPRegen 1.39/turn    (ring unavailable)
MPRegen 0.31/turn

%: repel missiles, reflection
@: protected from physical damage, flying, studying Fire Magic
A: cold resistance 1, fire resistance 1, off-hand wielding, slow wielding,
warmup strikes, no rings, iridescent scales 1, deterioration 1, strong-willed 1,
electricity resistance
0: Orb of Zot
}: 5/15 runes: barnacled, slimy, silver, abyssal, gossamer
a: Renounce Religion, Upheaval, Elemental Force, Disaster Area


You escaped.
You worshipped Qazlal.
Qazlal was extremely pleased with you.
You visited 12 branches of the dungeon, and saw 56 of its levels.
You visited the Abyss 3 times.
You also visited: Trove, Ice Cave, Wizlab and Desolation.

You collected 9705 gold pieces.
You spent 3102 gold pieces at shops.

Inventory:

Hand Weapons
 a - the +18 lance "Wyrmbane" (weapon) {slay drac, rPois rF+ rC+ AC+3}
   (You acquired it on level 1 of the Lair of Beasts)

   AC+3:      It affects your AC (+3).
   rF+:       It protects you from fire.
   rC+:       It protects you from cold.
   rPois:     It protects you from poison
 b - the +18 war axe "Bupoexua" (offhand) {freeze, Will+}
   (You found it on level 2 of the Spider Nest)

   Will+:     It increases your willpower.
Missiles
 g - 14 curare-tipped darts
 l - 14 javelins
 q - 20 silver javelins
 r - 4 throwing nets
 u - 32 boomerangs (quivered)
Armour
 c - +7 gold dragon scales
 x - the +5 swamp dragon scales of the Pits of Slime (worn) {rPois rN+ Regen+ MP+9 Int+4}
   (You found it on level 4 of the Shoals)

   Int+4:     It affects your intelligence (+4).
   rPois:     It protects you from poison rN+: It protects you from negative
   energy.
   MP+9:      It affects your magic capacity (+9).
   Regen+:    It increases your rate of health regeneration.
 E - a +2 pair of boots of flying (worn)
 I - a +2 cloak of preservation (worn)
 K - the +2 hood of the Assassin (worn) {Detect Stab+ Stlth++}
   (You found it in the Desolation of Salt)

   Detect:    It allows the wearer to sense nearby creatures.
   Stab+:     It allows the wearer to make particularly effective stabbing
   attacks against helpless or unaware enemies with any weapon.
   Stlth++:   It makes you much more stealthy.
 M - a +2 helmet of intelligence
 Y - a +2 pair of gloves of strength (worn)
Magical Staves
 C - the staff of Righteous Anger {Int+3 Stlth-- Fire Air Earth}
   (You found it on level 4 of the Realm of Zot)

   [staff of earth]

   Base accuracy: +5 Base damage: 5 Base attack delay: 1.2 This weapon's minimum
   attack delay (0.6) is reached at skill level 12.
   Int+3:     It affects your intelligence (+3).
   Stlth--:   It makes you much less stealthy.
   Fire:      It increases the power of your Fire spells.
   Air:       It increases the power of your Air spells.
   Earth:     It increases the power of your Earth spells.
   It falls into the 'Staves' category.
   It is a one-graspered weapon.
Jewellery
 p - the amulet "Jirula" (around neck) {Reflect Fly Int+3 SH+5 SInv}
   (You found it in the Desolation of Salt)

   [amulet of reflection]

   Reflect:   It reflects blocked missile attacks.
   Int+3:     It affects your intelligence (+3).
   SInv:      It lets you see invisible.
   Fly:       It grants you flight.
   SH+5:      It affects your SH (+5).
Wands
 e - a wand of charming (73)
 n - a wand of iceblast (56)
 y - a wand of digging (18)
 F - a wand of acid (40)
 Z - a wand of mindburst (35)
Scrolls
 d - 8 scrolls of enchant weapon
 m - 7 scrolls of fear
 s - 7 scrolls of silence
 w - 9 scrolls of enchant armour
 A - 10 scrolls of immolation
 G - 3 scrolls of revelation
 H - 10 scrolls of fog
 J - 6 scrolls of vulnerability
 L - 3 scrolls of blinking
 N - 15 scrolls of teleportation
 T - 7 scrolls of poison
 V - 2 scrolls of summoning
 W - 5 scrolls of brand weapon
Potions
 h - 24 potions of curing
 i - 8 potions of ambrosia
 j - 3 potions of berserk rage
 k - 8 potions of magic
 t - 8 potions of brilliance
 v - 13 potions of heal wounds
 z - 7 potions of might
 O - 4 potions of haste
 P - 11 potions of enlightenment
 Q - 5 potions of invisibility
 R - 3 potions of cancellation
 U - 7 potions of mutation
 X - 5 potions of resistance
Miscellaneous
 f - a lightning rod (4/4)
 o - a phial of floods
 B - a phantom mirror
 D - a sack of spiders
 S - a condenser vane


   Skills:
 - Level 24.0 Fighting
 - Level 17.3(18.0) Axes
 - Level 7.3(12.6) Polearms
 - Level 12.0 Throwing
 - Level 20.0 Armour
 - Level 20.0 Dodging
 - Level 2.0 Stealth
 - Level 10.0 Translocations
 - Level 24.0 Invocations
 + Level 19.3 Evocations


You had 21 spell levels left.
You knew the following spells:

 Your Spells              Type           Power      Damage    Failure   Level
a - Lesser Beckoning      Tloc           80%        N/A       1%          2
q - Apportation           Tloc           80%        N/A       1%          1
B - Blink                 Tloc           80%        N/A       1%          2

Your spell library contained the following spells:

 Spells                   Type           Power      Damage    Failure   Level
 Teleport Other           Tloc           40%        N/A       1%          3
 Momentum Strike          Conj/Tloc      40%        3d9       4%          2
 Manifold Assault         Tloc           40%        N/A       4%          4
 Volatile Blastmotes      Fire/Tloc      40%        2d13      10%         3
 Foxfire                  Conj/Fire      0%         2x1d4     24%         1
 Magic Dart               Conj           0%         1d3       24%         1
 Necrotise                Necr           0%         1d4       24%         1
 Shock                    Conj/Air       0%         1d3       24%         1
 Slow                     Hex            0%         N/A       24%         1
 Sting                    Conj/Alch      0%         1d3       24%         1
 Summon Small Mammal      Summ           0%         N/A       24%         1
 Iskenderun's Mystic Bla  Conj/Tloc      20%        2d6       30%         4
 Vhi's Electric Charge    Tloc/Air       40%        N/A       30%         4
 Call Imp                 Summ           0%         N/A       36%         2
 Cigotuvi's Dreadful Rot  Necr/Alch/Air  0%         N/A       36%         2
 Ensorcelled Hibernation  Hex/Ice        0%         N/A       36%         2
 Jinxbite                 Hex            0%         N/A       36%         2
 Mercury Vapours          Alch/Air       0%         N/A       36%         2
 Searing Ray              Conj           0%         2d4       36%         2
 Sublimation of Blood     Necr           0%         N/A       36%         2
 Dispersal                Tloc           20%        N/A       52%         6
 Call Canine Familiar     Summ           0%         N/A       58%         3
 Confusing Touch          Hex            0%         N/A       58%         3
 Dazzling Flash           Conj/Hex       0%         N/A       58%         3
 Fugue of the Fallen      Necr           0%         N/A       58%         3
 Inner Flame              Hex/Fire       0%         N/A       58%         3
 Mephitic Cloud           Conj/Alch/Air  0%         N/A       58%         3
 Ozocubu's Armour         Ice            0%         N/A       58%         3
 Sigil of Binding         Hex            0%         N/A       58%         3
 Stone Arrow              Conj/Erth      0%         3d7       58%         3
 Summon Ice Beast         Ice/Summ       0%         N/A       58%         3
 Swiftness                Air            0%         N/A       58%         3
 Vampiric Draining        Necr           0%         2d6       58%         3
 Summon Forest            Summ/Tloc      10%        N/A       65%         5
 Anguish                  Hex/Necr       0%         N/A       94%         4
 Animate Armour           Summ/Erth      0%         N/A       94%         4
 Animate Dead             Necr           0%         N/A       94%         4
 Cause Fear               Hex            0%         N/A       94%         4
 Flame Wave               Conj/Fire      0%         2d4       94%         4
 Fulminant Prism          Conj/Alch      0%         3d5       94%         4
 Ignite Poison            Fire/Alch      0%         N/A       94%         4
 Leda's Liquefaction      Alch/Erth      0%         N/A       94%         4
 Martyr's Knell           Necr/Summ      0%         N/A       94%         4
 Sticky Flame             Fire/Alch      0%         2d4       94%         4
 Summon Blazeheart Golem  Fire/Summ      0%         N/A       94%         4
 Summon Lightning Spire   Summ/Air       0%         N/A       94%         4
 Alistair's Intoxication  Alch           0%         N/A       100%        5
 Arcjolt                  Conj/Air       0%         1d10      100%        5
 Borgnjor's Vile Clutch   Necr/Erth      0%         N/A       100%        5
 Curse of Agony           Necr           0%         N/A       100%        5
 Fireball                 Conj/Fire      0%         3d3       100%        5
 Freezing Cloud           Conj/Ice/Air   0%         6-21      100%        5
 Irradiate                Conj/Alch      0%         3d11      100%        5
 Lee's Rapid Deconstruct  Erth           0%         3d4*      100%        5
 Metabolic Englaciation   Hex/Ice        0%         N/A       100%        5
 Silence                  Hex/Air        0%         N/A       100%        5
 Summon Mana Viper        Hex/Summ       0%         N/A       100%        5
 Yara's Violent Unravell  Hex/Alch       0%         3d3       100%        5
 Bombard                  Conj/Erth      0%         9d1       100%        6
 Conjure Ball Lightning   Conj/Air       0%         3x3d6     100%        6
 Eringya's Noxious Bog    Alch           0%         4d6       100%        6
 Plasma Beam              Fire/Air       0%         2x1d10    100%        6
 Sculpt Simulacrum        Ice/Alch       0%         N/A       100%        6
 Starburst                Conj/Fire      0%         6d3       100%        6
 Summon Cactus Giant      Summ           0%         N/A       100%        6
 Haunt                    Necr/Summ      0%         N/A       100%        7
 Malign Gateway           Summ/Tloc      10%        N/A       100%        7
 Monstrous Menagerie      Summ           0%         N/A       100%        7
 Summon Hydra             Summ           0%         N/A       100%        7
 Borgnjor's Revivificati  Necr           0%         N/A       100%        8
 Discord                  Hex            0%         N/A       100%        8
 Disjunction              Tloc           20%        N/A       100%        8
 Infestation              Necr           0%         N/A       100%        8
 Lehudib's Crystal Spear  Conj/Erth      0%         10d2      100%        8
 Maxwell's Capacitive Co  Air            0%         ∞         100%        8
 Summon Horrible Things   Summ           0%         N/A       100%        8
 Chain Lightning          Conj/Air       0%         N/A       100%        9
 Death's Door             Necr           0%         N/A       100%        9
 Dragon's Call            Summ           0%         N/A       100%        9
 Fire Storm               Conj/Fire      0%         5d1       100%        9
 Shatter                  Erth           0%         3d5*      100%        9


Dungeon Overview and Level Annotations

Branches:
Dungeon (15/15)            Temple (1/1) D:5            Lair (5/5) D:9
 Shoals (4/4) Lair:3       Spider (4/4) Lair:2        Slime (5/5) Lair:5
    Orc (2/2) D:11            Elf (3/3) Orc:2        Vaults (5/5) D:13
  Crypt (3/3) Vaults:2       Tomb (0/3) Crypt:3      Depths (4/4) D:15
    Zot (5/5) Depths:4      IceCv (visited)          WizLab (visited)
Desolation (visited)

Altars:
Ashenzari
Cheibriados
Dithmenos
Elyvilon
Fedhas
Gozag
Hepliaklqana
Kikubaaqudgha
Makhleb
Nemelex Xobeh
Okawaru
Qazlal
Ru
Sif Muna
Trog
Uskayaw
Vehumet
Wu Jian
Xom
Yredelemnul
Zin
The Shining One
Beogh
Lugonu

Shops:
D:10 =(   D:11 *   Orc:2 *?![:   Elf:1 **?   Elf:2 (   Elf:3 [==:   Depths:4 [

Portals:
Hell: Depths:1 Depths:2 Depths:3 Depths:4
Abyss: Lair:5 Depths:3 Depths:4
Pandemonium: Depths:2 Depths:3
Ziggurat: Depths:2

Annotations:
D:10 Boris
Elf:2 3 runed translucent doors
Depths:1 1 runed translucent door, exclusion: orange crystal statue


Innate Abilities, Weirdness & Mutations

Your flesh is cold resistant. (rC+)
Your flesh is heat resistant. (rF+)
You can wield a second weapon in your off-hand.
It takes a long time for you to wield or remove held weapons.
Your first few attacks do less damage.
Your grasper-arms cannot wear rings.
You are partially covered in iridescent scales. (AC +2)
Your body sometimes deteriorates upon taking damage.
You are strong-willed. (Will+)
You are resistant to electric shocks. (rElec)


Message History

Kyepula is moderately wounded.
You completely miss Kyepula with the +18 war axe "Bupoexua".
Kyepula gestures at you. The bolt of acid hits you!! You resist.
The acid corrodes you!
You slice Kyepula with the +18 war axe "Bupoexua"!!
You freeze Kyepula.
Kyepula is severely wounded.
You hit Kyepula but do no damage.
You carefully extract the barbed spikes from your body.
You slash Kyepula with the +18 war axe "Bupoexua"!
You freeze Kyepula.
Kyepula is severely wounded.
You puncture Kyepula with the +18 lance "Wyrmbane"!
You block Kyepula's attack.
You hit Kyepula with the +18 lance "Wyrmbane".
Kyepula is almost dead.
You closely miss Kyepula with the +18 war axe "Bupoexua".
Kyepula tentacle-slaps you!!
You feel protected from physical attacks.
Kyepula freezes you.
You puncture Kyepula with the +18 lance "Wyrmbane"!
Kyepula is almost dead.
You hit Kyepula but do no damage. You hit Kyepula but do no damage.
Kyepula is almost dead.
You hit Kyepula but do no damage. Kyepula closely misses you.
You hit Kyepula with the +18 lance "Wyrmbane".
Kyepula is almost dead.
You slice Kyepula with the +18 war axe "Bupoexua"!!
You freeze Kyepula.
You kill Kyepula!
Qazlal accepts your kill.
No target in view!
Magic restored.
Your protection from physical attacks is fading.
You are no longer corroded.
You feel less protected from physical attacks.
There is an open door here.
There is a stone staircase leading up here.
You start resting.
An Ubunidu and a lich come into view.
The lich shouts!
You fly upwards.
There is a stone staircase leading down here.
What level of the Dungeon? (default 9, ? - help)
Things that are here:
a +0 club; a kobold skeleton
There is a stone staircase leading up here.
You fly upwards.
There is a stone staircase leading down here.
HP restored.
There is a stone staircase leading up here.
You fly upwards.
There is a stone staircase leading down here.
Things that are here:
a +0 halberd; a +0 halberd; a gnoll skeleton A profane servitor comes into view.
It is wielding a +2 demon whip of venom.
You reach to attack!
You completely miss the profane servitor with the +18 lance "Wyrmbane".
You reach to attack!
You completely miss the profane servitor with the +18 lance "Wyrmbane".
You slash the profane servitor with the +18 war axe "Bupoexua"!
The profane servitor is lightly damaged.
You skewer the profane servitor like a kebab with the +18 lance "Wyrmbane"!!!
The profane servitor completely misses you.
The profane servitor hits you with a +2 demon whip of venom.
You puncture the profane servitor with the +18 lance "Wyrmbane"!
The profane servitor is heavily damaged.
You completely miss the profane servitor with the +18 war axe "Bupoexua".
The profane servitor completely misses you.
You block the profane servitor's attack.
You hit the profane servitor with the +18 war axe "Bupoexua".
The profane servitor is heavily damaged.
You hit the profane servitor but do no damage.
The profane servitor hits you with a +2 demon whip of venom!
You are poisoned.
You block the profane servitor's attack.
You throw a boomerang.
The boomerang completely misses the profane servitor.
You feel very sick.
The profane servitor hits you but does no damage.
You block the profane servitor's attack.
You hit the profane servitor with the +18 lance "Wyrmbane".
The profane servitor is heavily damaged.
You barely miss the profane servitor with the +18 war axe "Bupoexua".
You feel sick.
You block the profane servitor's attack.
The profane servitor completely misses you.
You hit the profane servitor but do no damage.
The profane servitor is heavily damaged.
You miss the profane servitor with the +18 war axe "Bupoexua".
You feel sick. The profane servitor barely misses you.
The profane servitor hits you with a +2 demon whip of venom.
You completely miss the profane servitor with the +18 lance "Wyrmbane".
The profane servitor is heavily damaged.
You slash the profane servitor with the +18 war axe "Bupoexua"!
You freeze the profane servitor.
You feel sick.
The profane servitor is engulfed in a thunderstorm.
You block the profane servitor's attack.
The profane servitor hits you with a +2 demon whip of venom.
You impale the profane servitor with the +18 lance "Wyrmbane"!!
The profane servitor is severely damaged.
You miss the profane servitor with the +18 war axe "Bupoexua".
You feel sick.
The profane servitor hits you but does no damage.
You are more poisoned.
The profane servitor hits you but does no damage.
You miss the profane servitor with the +18 lance "Wyrmbane".
The profane servitor is severely damaged.
You slash the profane servitor with the +18 war axe "Bupoexua"!
You freeze the profane servitor.
You feel very sick.
The profane servitor is engulfed in a thunderstorm.
The profane servitor hits you but does no damage.
You block the profane servitor's attack.
You puncture the profane servitor with the +18 lance "Wyrmbane"!
You destroy the profane servitor!
Qazlal accepts your kill.
You feel sick.
No target in view!
What level of the Dungeon? (default 1, ? - help)
You feel very sick.
An Orb Guardian comes into view.
You feel very sick.
You reach to attack!
You puncture the Orb Guardian with the +18 lance "Wyrmbane"!
The Orb Guardian is lightly wounded.
You feel sick.
You impale the Orb Guardian with the +18 lance "Wyrmbane"!!
The Orb Guardian is heavily wounded.
You hit the Orb Guardian but do no damage.
You feel sick.
You impale the Orb Guardian with the +18 lance "Wyrmbane"!!
The Orb Guardian is severely wounded.
You slash the Orb Guardian with the +18 war axe "Bupoexua"!
You freeze the Orb Guardian.
You feel sick.
The Orb Guardian is engulfed in freezing vapours.
The Orb Guardian hits you!
You feel protected from physical attacks.
You closely miss the Orb Guardian with the +18 war axe "Bupoexua".
The Orb Guardian is almost dead.
You hit the Orb Guardian with the +18 lance "Wyrmbane".
You feel sick.
The Orb Guardian is engulfed in freezing vapours.
You kill the Orb Guardian!
Qazlal accepts your kill.
No target in view!
What level of the Dungeon? (default 1, ? - help)
You feel sick.
You feel sick.
You feel sick.
You feel sick.
You feel sick.
You are no longer poisoned.
There is a stone staircase leading up here.
You fly upwards.
There is a stone staircase leading down here.
Your protection from physical attacks is fading.
There is a stone staircase leading up here.
You fly upwards.
You feel less protected from physical attacks.
There is a stone staircase leading down here.
You see here a +0 mace.
A reaper comes into view. It is wielding a +1 scythe of venom.
The reaper barely misses you. The reaper misses you.
You closely miss the reaper with the +18 war axe "Bupoexua".
You closely miss the reaper with the +18 lance "Wyrmbane".
You puncture the reaper with the +18 lance "Wyrmbane"!
The reaper is lightly wounded.
You slash the reaper with the +18 war axe "Bupoexua"!
The reaper hits you with a +1 scythe of venom!!
The reaper drags you backwards!
You hit the reaper but do no damage.
The reaper is moderately wounded.
You slice the reaper with the +18 war axe "Bupoexua"!!
You freeze the reaper.
You hit the reaper with the +18 war axe "Bupoexua".
The reaper is severely wounded.
You hit the reaper with the +18 lance "Wyrmbane".
The reaper closely misses you.
You hit the reaper with the +18 lance "Wyrmbane".
The reaper is almost dead.
You slice the reaper with the +18 war axe "Bupoexua"!!
You freeze the reaper.
You kill the reaper!
Qazlal accepts your kill.
You see here a +1 scythe of venom.
There is a stone staircase leading up here.
You start resting.
HP restored.
You fly upwards.
There is a stone staircase leading down here.
What level of the Dungeon? (default 1, ? - help) HP restored.
You see here a +0 robe.
There is a stone staircase leading up here.
You fly upwards.
There is a stone staircase leading down here.
You sense a monster nearby.
A Jiuwy, a lich and a hellion come into view.
The lich shouts!
The hellion gives a hideous shriek!
A blizzard demon comes into view.
Press: ? - help, v - describe, . - travel
Here: Jiuwy, armed with an antimagic touch The floor.
Unknown command.
Aiming: Upheaval
Press: ? - help, Dir - move target, f - Jiuwy
Aim: Jiuwy, armed with an antimagic touch A blizzard blasts the area with ice!
The blast of ice hits the lich!
The lich partially resists.
The lich is moderately damaged.
The lich is flash-frozen.
The blast of ice hits Jiuwy!!
Jiuwy is frozen!
Jiuwy is lightly wounded.
Jiuwy is flash-frozen.
The blast of ice hits the hellion!!
The hellion is almost dead.
The hellion is flash-frozen.
The blast of ice hits the blizzard demon!
The blizzard demon partially resists.
The blizzard demon is moderately wounded.
The blizzard demon shouts!
The blizzard demon is flash-frozen.
Unknown command.
Unknown command.
Unknown command.
Aiming: Upheaval
Press: ? - help, Dir - move target, p - Jiuwy The ground shakes violently, spewing rubble!
The blast of rubble hits the hellion!!
You kill the hellion!
Qazlal accepts your kill.
The blast of rubble hits Jiuwy but does no damage.
Jiuwy is lightly wounded.
Unknown command.
Unknown command.
Jiuwy is no longer encased in ice.
The lich is no longer encased in ice.
The blizzard demon is no longer encased in ice.
The lich gestures wildly while chanting.
The lich flickers and vanishes for a moment.
You hit Jiuwy with the +18 war axe "Bupoexua".
You freeze Jiuwy.
Jiuwy is lightly wounded.
You hit Jiuwy but do no damage. Jiuwy closely misses you.
You slice Jiuwy with the +18 war axe "Bupoexua"!!
You freeze Jiuwy!!
Jiuwy is moderately wounded.
You puncture Jiuwy with the +18 lance "Wyrmbane"!
Jiuwy hits you but does no damage.
You barely miss Jiuwy with the +18 war axe "Bupoexua".
Jiuwy is moderately wounded.
You puncture Jiuwy with the +18 lance "Wyrmbane"!
You block Jiuwy's attack.
You slice Jiuwy with the +18 war axe "Bupoexua"!!
You freeze Jiuwy.
Jiuwy is heavily wounded.
You barely miss Jiuwy with the +18 lance "Wyrmbane".
Jiuwy hits you but does no damage.
You puncture Jiuwy with the +18 lance "Wyrmbane"!
Jiuwy is heavily wounded.
You slash Jiuwy with the +18 war axe "Bupoexua"!
You freeze Jiuwy. You block Jiuwy's attack.
You hit Jiuwy but do no damage.
Jiuwy is severely wounded.
You puncture Jiuwy with the +18 lance "Wyrmbane"!
You closely miss Jiuwy with the +18 war axe "Bupoexua".
Jiuwy is severely wounded.
You hit Jiuwy but do no damage. You block Jiuwy's attack.
You hit Jiuwy but do no damage.
Jiuwy is severely wounded.
You hit Jiuwy but do no damage. Jiuwy misses you.
The blizzard demon waves its arms in wide circles.
The air twists around and strikes you.
You hit Jiuwy but do no damage.
Jiuwy is severely wounded.
You completely miss Jiuwy with the +18 war axe "Bupoexua".
Jiuwy hits you but does no damage.
You hit Jiuwy but do no damage.
Jiuwy is severely wounded.
You slash Jiuwy with the +18 war axe "Bupoexua"!
You freeze Jiuwy. Jiuwy hits you!
You feel your power leaking away.
You hit Jiuwy with the +18 lance "Wyrmbane".
Jiuwy is severely wounded.
You slice Jiuwy with the +18 war axe "Bupoexua"!!
You freeze Jiuwy! You block Jiuwy's attack.
You hit Jiuwy but do no damage.
Jiuwy is almost dead.
You slice Jiuwy with the +18 war axe "Bupoexua"!!
You freeze Jiuwy. Jiuwy barely misses you.
You hit Jiuwy but do no damage.
Jiuwy is almost dead.
You barely miss Jiuwy with the +18 lance "Wyrmbane".
Jiuwy hits you!
You feel your power leaking away.
You impale Jiuwy with the +18 lance "Wyrmbane"!!
You kill Jiuwy!
Qazlal accepts your kill.
The lich launches a ball of destructive magic.
An orb of destruction comes into view.
The orb of destruction is in the way.
The orb of destruction is in the way.
You block the orb of destruction... and reflect it back!
The lich gestures wildly while chanting.
The lich seems to speed up.
Aiming: Upheaval
Press: ? - help, Dir - move target, f/p - lich
Aim: a lich (lightly damaged, fast, slightly transparent)
Okay, then.
Unknown command.
The orb of destruction hits the lich!!!
Unknown command.
You slash the lich with the +18 war axe "Bupoexua"!
You destroy the lich!
Qazlal accepts your kill.
Your Evocations skill increases to level 19!
You reach to attack!
You impale the blizzard demon with the +18 lance "Wyrmbane"!!
The blizzard demon is heavily wounded.
You closely miss the blizzard demon with the +18 war axe "Bupoexua".
The blizzard demon is heavily wounded.
You hit the blizzard demon but do no damage.
The blizzard demon barely misses you. You block the blizzard demon's attack.
You slice the blizzard demon with the +18 war axe "Bupoexua"!!
You freeze the blizzard demon.
The blizzard demon is severely wounded.
You hit the blizzard demon with the +18 lance "Wyrmbane".
You barely miss the blizzard demon with the +18 war axe "Bupoexua".
The blizzard demon is severely wounded.
You puncture the blizzard demon with the +18 lance "Wyrmbane"!
The blizzard demon waves its arms in wide circles.
The air twists around and strikes you.
You open the blizzard demon like a pillowcase with the +18 war axe "Bupoexua"!!!
You kill the blizzard demon!
Qazlal accepts your kill.
No target in view!
HP restored.
You see here a +0 rapier.
An Executioner and 3 large abominations come into view.
The Executioner gestures.
The Executioner seems to speed up.
The large abomination is engulfed in blazing flames.
The Executioner attacks as it pursues you!
You block the Executioner's attack. The Executioner misses you.
The Executioner barely misses you.
The Executioner is engulfed in blazing flames.
The Executioner completely misses you.
The Executioner hits you but does no damage.
The Executioner misses you.
The Executioner hits you but does no damage.
The Executioner closely misses you.
The Executioner hits you but does no damage.
You block the Executioner's attack. The Executioner misses you.
The Executioner barely misses you. The Executioner completely misses you.
The Executioner hits you but does no damage. x2
The Executioner attacks as it pursues you!
The Executioner completely misses you. The Executioner hits you.
You block the Executioner's attack.
The Executioner hits you but does no damage.
The Executioner misses you.
The Executioner hits you but does no damage.
The Executioner closely misses you. x2
The Executioner hits you but does no damage.
You closely miss the Executioner with the +18 lance "Wyrmbane".
You slice the Executioner with the +18 war axe "Bupoexua"!!
You freeze the Executioner. The Executioner closely misses you.
The Executioner hits you. You block the Executioner's attack.
The Executioner hits you but does no damage.
The Executioner hits you.
You feel protected from physical attacks.
The Executioner completely misses you.
You miss the Executioner with the +18 lance "Wyrmbane".
The Executioner is moderately wounded.
You barely miss the Executioner with the +18 war axe "Bupoexua".
The Executioner barely misses you. You block the Executioner's attack.
The Executioner hits you but does no damage.
The Executioner hits you!
The Executioner hits you but does no damage.
The Executioner misses you.
You slice the Executioner with the +18 war axe "Bupoexua"!!
You freeze the Executioner.
The Executioner is severely wounded.
You puncture the Executioner with the +18 lance "Wyrmbane"!
The Executioner misses you.
The Executioner hits you but does no damage. x4
The Executioner misses you.
You barely miss the Executioner with the +18 lance "Wyrmbane".
The Executioner is severely wounded.
You barely miss the Executioner with the +18 war axe "Bupoexua".
The Executioner hits you!
The Executioner hits you but does no damage.
The Executioner hits you.
You feel more protected from physical attacks.
You block the Executioner's attack.
The Executioner hits you but does no damage.
The Executioner barely misses you.
You slash the Executioner with the +18 war axe "Bupoexua"!
The Executioner is almost dead.
You completely miss the Executioner with the +18 lance "Wyrmbane".
The Executioner hits you but does no damage.
The Executioner hits you. The Executioner barely misses you.
You hit the Executioner but do no damage.
The Executioner is almost dead.
You barely miss the Executioner with the +18 war axe "Bupoexua".
You block the Executioner's attack.
The Executioner hits you but does no damage.
The Executioner closely misses you.
The Executioner hits you but does no damage.
The Executioner barely misses you.
The Executioner hits you but does no damage.
You slice the Executioner with the +18 war axe "Bupoexua"!!
You freeze the Executioner.
You kill the Executioner!
Qazlal accepts your kill.
You puncture the large abomination with the +18 lance "Wyrmbane"!
The large abomination is heavily damaged.
You slice the large abomination with the +18 war axe "Bupoexua"!!
You freeze the large abomination.
You destroy the large abomination!
Qazlal accepts your kill.
You reach to attack!
You hit the large abomination with the +18 lance "Wyrmbane".
The large abomination is lightly damaged.
You puncture the large abomination with the +18 lance "Wyrmbane"!
The large abomination is moderately damaged.
You slash the large abomination with the +18 war axe "Bupoexua"!
You freeze the large abomination.
An Orb Guardian comes into view.
The large abomination is engulfed in freezing vapours.
The large abomination completely misses you.
You hit the large abomination with the +18 war axe "Bupoexua".
You freeze the large abomination.
The large abomination is severely damaged.
You puncture the large abomination with the +18 lance "Wyrmbane"!
You hit the large abomination but do no damage.
The large abomination is severely damaged.
You barely miss the large abomination with the +18 war axe "Bupoexua".
The large abomination misses you.
You slice the large abomination with the +18 war axe "Bupoexua"!!
You freeze the large abomination.
You destroy the large abomination!
Qazlal accepts your kill.
You puncture the Orb Guardian with the +18 lance "Wyrmbane"!
The Orb Guardian is lightly wounded.
You closely miss the Orb Guardian with the +18 war axe "Bupoexua".
The Orb Guardian misses you.
You barely miss the Orb Guardian with the +18 lance "Wyrmbane".
The Orb Guardian is lightly wounded.
You barely miss the Orb Guardian with the +18 war axe "Bupoexua".
A demonic crawler comes into view.
You hit the Orb Guardian with the +18 lance "Wyrmbane".
The Orb Guardian is lightly wounded.
You slash the Orb Guardian with the +18 war axe "Bupoexua"!
You freeze the Orb Guardian. You block the Orb Guardian's attack.
You slice the Orb Guardian with the +18 war axe "Bupoexua"!!
You freeze the Orb Guardian.
The Orb Guardian is severely wounded.
You puncture the Orb Guardian with the +18 lance "Wyrmbane"!
You block the Orb Guardian's attack.
The large abomination is engulfed in blazing flames.
You slice the Orb Guardian with the +18 war axe "Bupoexua"!!
You freeze the Orb Guardian.
You kill the Orb Guardian!
Qazlal accepts your kill.
You reach to attack!
You barely miss the large abomination with the +18 lance "Wyrmbane".
The large abomination is engulfed in blazing flames.
You closely miss the large abomination with the +18 lance "Wyrmbane".
The large abomination is heavily damaged.
You hit the large abomination but do no damage.
You block the large abomination's attack.
You hit the large abomination but do no damage.
The large abomination is heavily damaged.
You slash the large abomination with the +18 war axe "Bupoexua"!
You freeze the large abomination.
You puncture the large abomination with the +18 lance "Wyrmbane"!
You destroy the large abomination!
Qazlal accepts your kill.
There is a stone staircase leading up here.
You fly upwards.
There is a stone staircase leading down here.
What level of the Dungeon? (default 2, ? - help) HP restored.
Things that are here:
a +0 club {Gunther}; a ball python skeleton
There is a large open door here.
There is a large open door here.
Your protection from physical attacks is fading.
There is a large open door here.
There is a staircase leading out of the dungeon here.
Unknown command.
There is a large open door here.
Activating: Disaster Area (0% risk of failure)
Press: ? - help, Dir - look around, f - activate Nature churns violently around you!
You hear a sizzling sound!
Unknown command.
Okay, then.
There is a staircase leading out of the dungeon here.
You have escaped!

#.# #..#''###..# #.#
#.##.§##...# #.#
####§'###.## #.#
#.≈§≈§.### #.#
#§≈§§≈.#
#.####.≈§≈≈≈#
#>..##≈§°...#######
########''###.....#
#.@#######.#
######.## #.# #.##
##.# #.########
##..###.## #.........
#....#.#####.######.#
##..............# #..
####..########.# #..
#..# #.###..
#..########......


There were no monsters in sight!

Vanquished Creatures
  the Royal Jelly (Slime:5)
  Dissolution (Slime:2)
  Khufu (Crypt:1)
  5 ancient liches
  4 orbs of fire
  A juggernaut (Depths:3)
  A royal mummy (Crypt:1)
  Parghit (Depths:4)
  Vv (Crypt:3)
  Boris (twice) (Crypt:2 Vaults:5)
  6 Killer Klowns
  A caustic shrike (Depths:3)
  The ghost of alcopop the Acrobat, a veteran CoGl of Gozag (Vaults:4)
  5 curse toes
  13 golden dragons
  Arachne (Spider:3)
  2 profane servitors
  2 doom hounds (Depths:4)
  4 bone dragons
  A Brimstone Fiend (D:12)
  3 electric golems (Zot:5)
  An Ice Fiend (Zot:5)
  6 liches
  15 tentacled monstrosities
  2 pandemonium lords
  Grunn (Depths:4)
  A walking divine tome (Depths:2)
  2 Hell Sentinels
  A walking crystal tome (Depths:2)
  27 Orb Guardians
  5 quicksilver dragons
  2 deep elf blademasters (Elf:3)
  5 deep elf master archers
  21 acid blobs
  Gastronok (Lair:1)
  5 sphinxes
  4 krakens
  10 titans
  2 Executioners
  6 ancient champions
  19 death cobs
  Frances (D:13)
  10 tentacled starspawn
  15 storm dragons
  Aizul (Spider:2)
  Kirke (Lair:4)
  2 thorn hunters (WizLab)
  14 shadow dragons
  The ghost of Miffien the Covert, an adept GnWn of Uskayaw (Shoals:1)
  3 fenstrider witches (WizLab)
  9 fire giants
  10 tengu reavers
  12 azure jellies
  3 draconian monks (Zot:2)
  7 draconian knights
  3 revenants
  6 protean progenitors
  2 iron dragons (Vaults:5)
  13 rockslimes
  8 draconian shifters
  6 emperor scorpions
  5 draconian scorchers
  9 frost giants
  9 deep elf sorcerers
  2 balrugs
  11 ghost moths
  2 imperial myrmidons
  2 deep elf elementalists (Elf:3)
  7 vault wardens
  10 draconian annihilators
  9 ghouls
  A broodmother (Spider:1)
  An angel (Abyss:3)
  16 draconian stormcallers
  2 curse skulls
  4 reapers
  6 orc warlords
  A juggernaut skeleton (Crypt:1)
  A caustic shrike skeleton (Abyss:3)
  20 very ugly things
  9 stone giants
  16 formless jellyfish
  4 spriggan defenders
  16 ironbound preservers
  4 vampire knights
  10 quicksilver oozes
  An eleionoma (WizLab)
  9 ironbound thunderhulks
  13 green draconians
  10 black draconians
  10 deep elf demonologists
  9 red draconians
  5 war gargoyles
  8 purple draconians
  8 deep elf death magi
  7 deep elf annihilators (Elf:3)
  15 dire elephants
  2 lorocyprocas
  A halazid warlock (Desolation)
  17 white draconians
  14 spark wasps
  21 yellow draconians
  3 eidola
  Snorg (Lair:4)
  3 blizzard demons
  4 merfolk javelineers
  8 ettins
  10 fire dragons
  12 jiangshi
  5 crystal guardians
  5 merfolk impalers
  2 shambling mangroves (WizLab)
  10 ragged hierophants
  3 deep elf high priests
  14 yaktaur captains
  14 great orbs of eyes
  9 entropy weavers
  The ghost of Viluy the Cleaver, a journeyman MiFi of Okawaru (D:11)
  5 rakshasas
  5 servants of whispers (Desolation)
  10 peacekeepers
  15 ice dragons
  3 spriggan air magi (Depths:4)
  A spriggan zombie (Crypt:1)
  29 vault guards
  5 hydras
  3 ogre magi (Orc:2)
  Fannar (Lair:1)
  7 ironbound frosthearts
  5 catoblepae
  An alligator (Zot:1)
  A merfolk avatar (Shoals:4)
  7 centaur warriors
  6 boulder beetles
  A radroach (Spider:1)
  22 dancing weapons
  8 two-headed ogres
  3 jorogumos
  2 alligator snapping turtles
  7 tengu warriors
  9 merfolk aquamancers
  8 deep troll shamans
  A deep troll earth mage (Depths:2)
  5 death yaks (Lair:5)
  4 thrashing horrors
  3 orc high priests (Vaults:4)
  12 vampire magi
  6 demonic crawlers
  9 satyrs
  2 naga sharpshooters (WizLab)
  The ghost of cpf86 the Covert, a journeyman SpAl of Gozag (Lair:1)
  Urug (Lair:1)
  A quicksilver ooze zombie (Crypt:2)
  6 hell knights (Depths:3)
  5 spriggan berserkers
  2 sun demons (D:12)
  2 soul eaters
  11 deep elf knights
  A skyshark (shapeshifter) (Abyss:2)
  A ghost moth zombie (Crypt:3)
  7 iron trolls
  30 skeletal warriors
  5 wretched stars
  2 sixfirhies (Abyss:2)
  3 skysharks
  Nergalle (Orc:2)
  A fire crab (shapeshifter) (Vaults:5)
  10 pharaoh ants
  14 sea snakes
  39 deep trolls
  2 shadow wraiths
  A deep troll (shapeshifter) (Vaults:2)
  2 goliath frogs (Zot:3)
  3 flayed ghosts
  2 bog bodies
  A kraken simulacrum (Shoals:4)
  4 glowing orange brains
  10 orb spiders
  9 deep elf archers
  4 steelbarb worms
  A swamp dragon (shapeshifter) (Vaults:5)
  An iron giant skeleton (Crypt:1)
  A sun moth (shapeshifter) (Abyss:3)
  23 harpies
  21 ironbound convokers
  8 phantasmal warriors
  7 arcanists
  4 necromancers
  18 orc knights
  7 thermic dynamos
  26 deep elf zephyrmancers
  A wolf spider zombie (D:12)
  8 orc sorcerers
  A fenstrider witch simulacrum (Crypt:1)
  7 lindwurms
  2 shining eyes (Slime:5)
  21 wolf spiders
  17 deep elf pyromancers
  7 cyclopes
  An iron dragon zombie (Crypt:1)
  32 ugly things
  24 fauns
  13 large abominations
  6 oklob plants
  3 worldbinders
  A will-o-the-wisp (Abyss:3)
  14 manticores
  13 elephants
  35 moths of wrath
  A rust devil (Zot:3)
  2 apocalypse crabs (Abyss:3)
  Maurice (D:7)
  A black mamba (shapeshifter) (Lair:5)
  A kobold blastminer (Orc:2)
  9 merfolk sirens
  3 guardian serpents
  10 smoke demons
  3 meliai
  A meliai (shapeshifter) (Elf:2)
  4 black mambas
  2 ice statues (IceCv)
  A gargoyle (D:10)
  8 centaur zombies (D:12)
  4 eyes of devastation (Slime:5)
  A molten gargoyle (Desolation)
  2 orange demons
  4 torpor snails
  18 vault sentinels
  2 water nymphs (Shoals:3)
  5 unseen horrors (Elf:2)
  2 hellions
  A green draconian zombie (Crypt:1)
  18 cane toads
  2 kobold demonologists (D:10)
  9 rime drakes
  A redback zombie (Crypt:2)
  An unseen horror zombie (Crypt:3)
  A naga skeleton (Abyss:2)
  32 yaktaurs
  2 efreet
  4 freezing wraiths
  12 komodo dragons
  A tormentor (Zot:3)
  An ice devil (Abyss:2)
  4 tengu conjurers
  A yellow draconian zombie (Crypt:1)
  A silent spectre (Orc:1)
  A red draconian skeleton (Crypt:1)
  A purple draconian skeleton (Crypt:1)
  4 hellwings (Abyss:2)
  6 ancient zymes
  34 merfolk
  10 trolls
  A merfolk (shapeshifter) (Abyss:3)
  19 tarantellas
  2 human zombies
  10 wind drakes
  13 hornets
  2 polar bears
  10 snapping turtles
  2 harpy skeletons (Crypt:3)
  47 saltlings
  4 glass eyes
  30 blink frogs
  A dream sheep (shapeshifter) (Vaults:5)
  2 dream sheep (Lair:4)
  A meliai zombie (D:12)
  11 raiju
  23 culicivoras
  11 jumping spiders
  A merfolk skeleton (Crypt:1)
  A fire giant simulacrum (Vaults:2)
  Sigmund (D:4)
  93 slime creatures
  12 ynoxinuls
  2 shadows
  13 starcursed masses (Abyss:3)
  6 wyverns
  8 spriggans
  20 small abominations
  3 vampires
  16 water elementals
  A dire elephant simulacrum (Crypt:1)
  A hog (shapeshifter) (Lair:5)
  8 wraiths
  5 fire bats
  3 wargs
  4 fire elementals
  7 golden eyes
  19 humans (D:13)
  2 neqoxecs
  7 basilisks
  44 yaks
  A steam dragon (D:9)
  4 hogs (Lair:4)
  50 redbacks
  10 vampire mosquitoes
  A wind drake skeleton (Crypt:3)
  6 chaos spawn
  Edmund (D:6)
  2 great orb of eyes simulacra (IceCv)
  3 acid dragons
  A hydra simulacrum (Lair:1)
  A two-headed ogre skeleton (Crypt:2)
  Duvessa (D:5)
  11 water moccasins
  3 black bears
  28 orc warriors
  A snapping turtle zombie (Crypt:1)
  2 sky beasts
  13 wolves
  An ice beast (D:7)
  38 laughing skulls
  12 ogres
  The ghost of tls9540 the Chopper, an amateur CoGl of Makhleb (D:3)
  5 slime creature simulacra (IceCv)
  17 centaurs
  A phantom (D:7)
  7 kobold brigands
  A hog skeleton (Crypt:2)
  A rime drake skeleton (Crypt:3)
  2 weeping skulls (Abyss:3)
  2 gnoll sergeants
  9 bullfrogs
  3 scorpions
  A naga simulacrum (Abyss:2)
  A cane toad simulacrum (Lair:1)
  3 glowing shapeshifter simulacra (IceCv)
  3 earth elementals
  15 wights
  Dowan (D:5)
  A blink frog simulacrum (Lair:1)
  A dream sheep simulacrum (Lair:1)
  7 killer bees
  A spriggan skeleton (Crypt:2)
  4 electric eels
  3 howler monkeys
  A bombardier beetle (D:5)
  5 quasits
  20 jellies
  10 orc priests
  3 hounds
  A human simulacrum (Vaults:2)
  Crazy Yiuf (D:7)
  An iron imp (Abyss:3)
  A basilisk skeleton (Crypt:2)
  8 iguanas
  37 orc wizards
  6 shapeshifter simulacra (IceCv)
  A yak simulacrum (Lair:1)
  A deep dwarf zombie (Crypt:3)
  A tengu zombie (Crypt:2)
  2 bullfrog simulacra (Lair:1)
  2 mummies (Crypt:1)
  6 adders
  6 gnolls
  A shadow imp (D:8)
  2 white imps
  5 ufetubi
  2 dart slugs
  2 ribbon worms
  60 orcs
  5 bats
  7 endoplasms
  4 giant cockroaches
  6 hobgoblins
  4 jackals (D:1)
  2 quokkas
  6 ball pythons
  An endoplasm zombie (Crypt:3)
  2 frilled lizards (D:3)
  7 goblins
  A jackal zombie (Crypt:1)
  32 kobolds
  5 rats
  A rat skeleton (Crypt:3)
  2 aspiring fleshes
  3 lurking horrors
  12 starspawn tentacles
  27 tentacles
2751 creatures vanquished.

Vanquished Creatures (collateral kills)
  2 Killer Klowns (Zot:5)
  An Orb Guardian (Zot:5)
  A vault warden (Vaults:5)
  A red draconian (Zot:5)
  A yellow draconian (Zot:5)
  An ettin (Zot:5)
  A merfolk avatar (Shoals:3)
  A merfolk aquamancer (Shoals:3)
  A pharaoh ant (Spider:3)
  A necromancer (Vaults:5)
  2 merfolk
  A water elemental (Shoals:3)
  2 yaks (D:9)
  2 killer bees (D:8)
18 creatures vanquished.

Vanquished Creatures (others)
  A deep elf death mage (Elf:3)
  A red draconian (Zot:2)
  A ragged hierophant (Desolation)
  A vault guard (Vaults:5)
  A merfolk avatar (Shoals:4)
  A sea snake (Shoals:2)
  A deep elf archer (Elf:3)
  A manticore (Shoals:4)
  A faun (WizLab)
  A moth of wrath (Zot:3)
  A gargoyle (D:9)
  A tarantella (Spider:3)
  An orc warrior (Vaults:5)
  An earth elemental (Elf:1)
  A killer bee (D:8)
  3 gnolls (D:6)
  2 foxfires (Abyss:3)
  16 starspawn tentacles
  20 tentacles
56 creatures vanquished.

Grand Total: 2825 creatures vanquished

Notes
Turn   | Place    | Note
-------+----------+-------------------------------------------
     0 | D:1      | jagoly the Coglin Artificer began the quest for the Orb.
     0 | D:1      | Reached XP level 1. HP: 15/15 MP: 1/1
   109 | D:1      | Reached skill level 1 in Stealth
   488 | D:1      | Reached XP level 2. HP: 21/21 MP: 2/2
   870 | D:2      | Reached XP level 3. HP: 27/27 MP: 3/3
   962 | D:2      | Reached skill level 5 in Evocations
  1036 | D:2      | Reached skill level 1 in Dodging
  1328 | D:3      | Reached XP level 4. HP: 25/34 MP: 4/4
  1459 | D:3      | Found a glowing silver altar of Zin.
  1562 | D:3      | Found an iron altar of Okawaru.
  1842 | D:3      | Reached XP level 5. HP: 41/41 MP: 5/5
  1938 | D:3      | Found an opulent altar of Gozag.
  1976 | D:3      | Found a runed translucent door.
  1980 | D:3      | Noticed tls9540's ghost (amateur CoGl)
  2201 | D:4      | Found an ornate altar of the Wu Jian Council.
  2265 | D:4      | Got the Quarto of Profulgent Hail
  2407 | D:4      | Noticed Sigmund
  2409 | D:4      | Killed Sigmund
  2410 | D:4      | Reached skill level 5 in Fighting
  2410 | D:4      | Reached XP level 6. HP: 51/51 MP: 6/6
  2562 | D:4      | Reached XP level 7. HP: 14/58 MP: 7/7
  2832 | D:5      | Entered Level 5 of the Dungeon
  2874 | D:5      | Noticed Duvessa
  2884 | D:5      | Noticed Dowan
  3108 | D:5      | Killed Duvessa
  3222 | D:5      | Killed Dowan
  3348 | D:5      | Reached XP level 8. HP: 66/68 MP: 8/8
  3547 | D:5      | Found a staircase to the Ecumenical Temple.
  3555 | Temple   | Entered the Ecumenical Temple
  3567 | Temple   | Became a worshipper of Qazlal Stormbringer
  3727 | D:6      | Noticed Edmund
  3757 | D:6      | Found a bloodstained altar of Trog.
  3805 | D:6      | Identified the +1 quarterstaff "Ahuohur" {venom, rC+ Dex+5}
  4935 | D:7      | Reached skill level 5 in Axes
  5136 | D:7      | Identified the staff of Symmetry {rC+ rCorr Ice}
  5515 | D:7      | Noticed Maurice
  5635 | D:7      | Reached XP level 9. HP: 64/74 MP: 9/9
  5726 | D:7      | Found a transporter.
  6166 | D:7      | Reached * piety under Qazlal
  6320 | D:7      | Found a transporter.
  6700 | D:7      | Found a runed translucent door.
  6701 | D:7      | Noticed Crazy Yiuf
  6715 | D:7      | Killed Crazy Yiuf
  6926 | D:7      | Killed Maurice
  7102 | D:3      | Killed tls9540's ghost
  7210 | D:6      | Killed Edmund
  7381 | D:8      | Reached skill level 10 in Axes
  7553 | D:7      | Reached XP level 10. HP: 55/80 MP: 10/10
  7699 | D:8      | Reached ** piety under Qazlal
  7802 | D:8      | Noticed a two-headed ogre
  7827 | D:8      | Upgraded the game from 0.32-a0-472-gc2b5402 to
                  | 0.32-a0-475-g46bb8dd
  7827 | D:8      | Upgraded the game from 0.32-a0-475-g46bb8dd to
                  | 0.32-a0-484-g2eb335d
  7827 | D:8      | Upgraded the game from 0.32-a0-484-g2eb335d to
                  | 0.32-a0-516-g94ed278
  8553 | D:9      | Noticed a tengu warrior
  8579 | D:9      | Killed a tengu warrior
  8580 | D:9      | Reached skill level 1 in Invocations
  8622 | D:9      | Got the Thoughts on Topography and the Dragon
  9031 | D:9      | Found a staircase to the Lair.
  9200 | D:9      | Reached XP level 11. HP: 53/86 MP: 12/12
  9298 | D:9      | Found a shimmering altar of Xom.
  9299 | D:9      | Found an ancient bone altar of Kikubaaqudgha.
  9301 | D:9      | Found a blossoming altar of Fedhas.
  9301 | D:9      | Found a snail-covered altar of Cheibriados.
  9301 | D:9      | Found a sparkling altar of Nemelex Xobeh.
  9308 | D:9      | Noticed a two-headed ogre
  9512 | D:9      | Found a basalt altar of Yredelemnul.
  9512 | D:9      | Found the +0 toga "Victory" {*Victory Clar}
  9614 | D:9      | Reached *** piety under Qazlal
  9864 | D:9      | Killed a two-headed ogre
 10371 | D:9      | Noticed a cyclops
 10589 | D:10     | Entered Level 10 of the Dungeon
 10709 | D:10     | Found a sacrificial altar of Ru.
 10750 | D:10     | Found Ylann's Antique Weapon Emporium.
 10827 | D:10     | Found Jaero's Jewellery Shoppe.
 11072 | D:10     | Reached skill level 5 in Dodging
 11379 | D:10     | Found a shadowy altar of Dithmenos.
 11576 | D:10     | Bought a runed war axe for 149 gold pieces
 11594 | D:11     | Noticed a manticore
 11805 | D:11     | Reached **** piety under Qazlal
 11908 | D:11     | Noticed a cyclops
 11990 | D:11     | Reached XP level 12. HP: 93/93 MP: 15/15
 12134 | D:11     | Found a runed translucent gate.
 12134 | D:11     | Found a runed translucent gate.
 12135 | D:11     | Found a runed translucent gate.
 12136 | D:11     | Found an opulent altar of Gozag.
 12137 | D:11     | Noticed Viluy's ghost (journeyman MiFi)
 12137 | D:11     | Noticed an eight-headed hydra
 12137 | D:11     | Noticed a five-headed hydra
 12138 | D:11     | Noticed a fire giant
 12138 | D:11     | You fall into a shaft and drop 3 floors!
 12630 | D:12     | Reached skill level 10 in Fighting
 12668 | D:12     | Reached skill level 5 in Invocations
 12674 | D:12     | Reached skill level 1 in Throwing
 12859 | D:12     | Noticed a boulder beetle
 12921 | D:11     | Found a broken altar of Ashenzari.
 13066 | D:11     | Found a staircase to the Orcish Mines.
 13251 | D:11     | Found Weju's Assorted Antiques.
 13317 | D:11     | Noticed a two-headed ogre
 13337 | D:11     | Killed a two-headed ogre
 13896 | D:8      | Killed a two-headed ogre
 14000 | D:12     | Noticed a two-headed ogre
 14219 | D:12     | Gained mutation: Your flesh is cold resistant. (rC+)
                  | [Coglin growth]
 14219 | D:12     | Gained mutation: Your flesh is heat resistant. (rF+)
                  | [Coglin growth]
 14219 | D:12     | Reached XP level 13. HP: 93/108 MP: 16/16
 15138 | Lair:1   | Entered Level 1 of the Lair of Beasts
 15228 | Lair:1   | Noticed Urug
 15237 | Lair:1   | Killed Urug
 15433 | Lair:1   | Noticed Fannar
 15452 | Lair:1   | Killed Fannar
 15682 | Lair:1   | Found a glowing golden altar of the Shining One.
 15693 | Lair:1   | Noticed Gastronok
 15706 | Lair:1   | Killed Gastronok
 15823 | Lair:1   | Found a runed translucent gate.
 15823 | Lair:1   | Found a runed translucent gate.
 15823 | Lair:1   | Found a runed translucent gate.
 15858 | Lair:1   | Noticed cpf86's ghost (journeyman SpAl)
 16854 | Lair:2   | Found a hole to the Spider Nest.
 17541 | Lair:3   | Reached skill level 15 in Axes
 17568 | Lair:3   | Reached ***** piety under Qazlal
 17691 | Lair:3   | Reached XP level 14. HP: 115/115 MP: 20/20
 18203 | Lair:3   | Found a staircase to the Shoals.
 18697 | Lair:3   | Identified a scroll of acquirement
 19180 | Lair:4   | Reached skill level 10 in Invocations
 20067 | Lair:4   | Noticed Kirke
 20100 | Lair:4   | Killed Kirke
 20224 | Lair:4   | Identified the ring of Ysesuwn {Fly rC+}
 20306 | Lair:4   | Noticed Snorg
 20644 | Lair:4   | Killed Snorg
 20948 | Lair:5   | Entered Level 5 of the Lair of Beasts
 21058 | Lair:5   | Found a staircase to the Slime Pits.
 21285 | Lair:5   | Reached XP level 15. HP: 121/124 MP: 22/22
 22311 | Lair:5   | Found a corrupted altar of Lugonu.
 22311 | Lair:5   | Found a one-way gate to the infinite horrors of the Abyss.
 22320 | Lair:5   | Identified the +0 scale mail of the Blind Marksman {Int+3
                  | Dex+3}
 22365 | Lair:5   | Reached skill level 10 in Dodging
 22715 | Lair:1   | Acquired 531 gold pieces
 22738 | Lair:1   | Acquired the +8 lance "Wyrmbane" {slay drac, rPois rF+ rC+
                  | AC+3}
 22738 | Lair:1   | Found the +8 lance "Wyrmbane" {slay drac, rPois rF+ rC+
                  | AC+3}
 22802 | Lair:1   | Reached skill level 1 in Polearms
 23120 | Lair:1   | Killed cpf86's ghost
 23160 | Lair:1   | Got Emueled's Encyclopedia of Morbid Allies
 23361 | D:13     | Noticed Frances
 23371 | D:13     | Killed Frances
 23514 | D:13     | Found an iron altar of Okawaru.
 23604 | D:13     | Identified the +9 rapier of the Key {pain, Str+4 Dex+3}
 23747 | D:13     | Found a gate to the Vaults.
 24014 | Orc:1    | Entered Level 1 of the Orcish Mines
 24032 | Orc:1    | Reached skill level 5 in Polearms
 24072 | Orc:1    | Found a transporter.
 24079 | Orc:1    | Found a transporter.
 24104 | Orc:2    | Entered Level 2 of the Orcish Mines
 24104 | Orc:2    | Found Egrug's Assorted Antiques.
 24104 | Orc:2    | Found a staircase to the Elven Halls.
 24182 | Orc:1    | Noticed an orc warlord
 24203 | Orc:1    | Reached XP level 16. HP: 93/133 MP: 15/24
 24231 | Orc:1    | Found a frozen archway.
 24301 | IceCv    | Entered an ice cave
 24376 | IceCv    | Identified the +0 pair of gloves of Okawaru's Displeasure
                  | {+Blink Fly rC+ Str+2 Int-2}
 24591 | IceCv    | Noticed an azure jelly
 24601 | IceCv    | Killed an azure jelly
 24621 | IceCv    | Noticed an azure jelly
 24624 | IceCv    | Killed an azure jelly
 24636 | IceCv    | Found a viscous altar of Jiyva.
 24965 | Orc:2    | Found a radiant altar of Vehumet.
 25816 | Orc:2    | Found a radiant altar of Vehumet.
 25853 | Orc:2    | Noticed Nergalle
 25859 | Orc:2    | Found an ancient bone altar of Kikubaaqudgha.
 25860 | Orc:2    | Killed Nergalle
 25907 | Orc:2    | Found Rusap's Book Shoppe.
 25995 | Orc:2    | Found a roughly hewn altar of Beogh.
 25995 | Orc:2    | Found Videluin's Magic Scroll Shoppe.
 26013 | Orc:2    | Found Xiekim's Distillery.
 26021 | Orc:2    | Found Tofoc's Antique Armour Emporium.
 26031 | Orc:2    | Bought a bloodstained ring mail for 243 gold pieces
 26031 | Orc:2    | Identified the +1 ring mail of the Lonely Nights {Rampage
                  | rC+} (You bought it in a shop on level 2 of the Orcish
                  | Mines)
 26032 | Orc:2    | Bought a pair of boots for 121 gold pieces
 26057 | Orc:2    | Bought 2 potions of enlightenment for 150 gold pieces
 26057 | Orc:2    | Bought a potion of haste for 150 gold pieces
 26057 | Orc:2    | Bought a potion of invisibility for 120 gold pieces
 26066 | Orc:2    | Bought 3 scrolls of poison for 144 gold pieces
 26066 | Orc:2    | Bought a scroll of fog for 48 gold pieces
 26066 | Orc:2    | Bought a scroll of immolation for 48 gold pieces
 26141 | Orc:2    | Bought 2 potions of enlightenment for 360 gold pieces
 27081 | D:15     | Entered Level 15 of the Dungeon
 27403 | D:15     | Reached ****** piety under Qazlal
 27662 | D:15     | Found a staircase to the Depths.
 27827 | Orc:2    | Bought a scroll of identify for 72 gold pieces
 27927 | Spider:1 | Entered Level 1 of the Spider Nest
 28036 | Spider:1 | Identified the +4 plate armour of Instinct {Rampage rN+
                  | Dex+2 Stlth+}
 28522 | Spider:1 | Reached XP level 17. HP: 139/139 MP: 26/26
 28551 | Spider:1 | Reached skill level 5 in Armour
 29725 | Spider:2 | Identified the +11 war axe "Bupoexua" {freeze, Will+}
 30504 | Spider:3 | Identified the serpent talisman of Bizosai {rF+ Int+5}
 30504 | Spider:3 | Noticed Aizul
 30525 | Spider:2 | Killed Aizul
 31315 | Spider:3 | Reached skill level 10 in Armour
 31684 | Spider:3 | Identified the +5 chain mail "Forget-Me-Not" {Regen+ rCorr
                  | Stlth+}
 31838 | Spider:3 | Noticed Arachne
 31851 | Spider:3 | Killed Arachne
 32232 | Spider:4 | Entered Level 4 of the Spider Nest
 32247 | Spider:4 | Reached skill level 15 in Fighting
 32457 | Spider:4 | Reached XP level 18. HP: 133/149 MP: 17/27
 33421 | Spider:4 | Got a gossamer rune of Zot
 33575 | Shoals:1 | Entered Level 1 of the Shoals
 33815 | Shoals:1 | Noticed Miffien's ghost (adept GnWn)
 33900 | Shoals:1 | Found a runed translucent gate.
 33900 | Shoals:1 | Found a runed translucent gate.
 33900 | Shoals:1 | Found a runed translucent gate.
 33902 | Shoals:1 | Identified the +7 rapier "Opacsifu" {flame, *Noise rN+
                  | Str+5 SInv}
 34266 | Shoals:1 | Killed Miffien's ghost
 34334 | Shoals:1 | Identified the staff of Understanding {^Contam rC+ Dex+6
                  | Ice}
 34479 | Shoals:2 | Reached skill level 5 in Throwing
 35678 | Shoals:3 | Reached XP level 19. HP: 155/157 MP: 28/28
 36045 | Shoals:4 | Entered Level 4 of the Shoals
 36609 | Shoals:4 | Got a barnacled rune of Zot
 36986 | Shoals:4 | Reached skill level 10 in Throwing
 37210 | Shoals:4 | Identified the +5 swamp dragon scales of the Pits of Slime
                  | {rPois rN+ Regen+ MP+9 Int+4}
 38018 | D:11     | Killed Viluy's ghost
 38101 | Orc:1    | Found a runed translucent door.
 38101 | Orc:1    | Found a bloodstained altar of Trog.
 38101 | Orc:1    | Found the +8 Wrath of Trog {antimagic, *Rage Rampage}
 38336 | Elf:1    | Entered Level 1 of the Elven Halls
 38434 | Elf:1    | Found a crumbling gateway.
 38453 | Desolati | Entered the Desolation of Salt
 38666 | Desolati | Reached XP level 20. HP: 149/170 MP: 29/29
 38709 | Desolati | Identified the amulet "Jirula" {Reflect Fly Int+3 SH+5
                  | SInv}
 38768 | Desolati | Got Roxanne's Vellum of Quintessence and Detritus
 38769 | Desolati | Identified the amulet "Motuogof" {Faith Rampage Str+2}
 38778 | Desolati | Identified the +5 great sword of Duafamag {flame, *Noise
                  | rElec rCorr}
 38971 | Desolati | Found the +2 hood of the Assassin {Detect Stab+ Stlth++}
 38997 | Desolati | Identified the +2 pair of gloves of Kikubaaqudgha's Wrath
                  | {Int+5}
 39010 | Desolati | Identified the +4 ring mail "Nuegisin" {Str+4}
 39198 | Desolati | Identified the ring "Hufimalox" {rF+ rC+ Int+3}
 39599 | Elf:1    | Found Atsuc's Magic Scroll Boutique.
 39606 | Elf:1    | Bought a scroll of summoning for 161 gold pieces
 39758 | Elf:1    | Found Suilar's General Store.
 39758 | Elf:1    | Found Xades's General Store.
 39987 | Elf:1    | Identified the +6 chain mail "Jaih" {Str+6 Dex-2 SInv}
 40207 | Elf:2    | Found a runed translucent gate.
 40207 | Elf:2    | Found a runed translucent gate.
 40218 | Elf:2    | Found a runed translucent gate.
 40323 | Elf:2    | Reached skill level 10 in Evocations
 40523 | Elf:2    | Found Uliw's Antique Weapon Shoppe.
 40733 | Elf:3    | Entered Level 3 of the Elven Halls
 40733 | Elf:3    | Found Vafeliuph's Armour Shoppe.
 40805 | Elf:3    | Bought a +2 cloak of preservation for 301 gold pieces
 40816 | Elf:3    | Bought a +2 pair of gloves of strength for 301 gold pieces
 40930 | Elf:3    | Found Tunoom's Jewellery Boutique.
 40931 | Elf:3    | Found Ulicias's Book Shoppe.
 40932 | Elf:3    | Found Kestraong's Jewellery Boutique.
 40942 | Elf:3    | Learned a level 1 spell: Apportation
 40945 | Elf:3    | Learned a level 2 spell: Blink
 41646 | Elf:3    | Reached XP level 21. HP: 125/183 MP: 31/31
 41696 | Abyss:2  | Cast into level 2 of the Abyss (a deep elf sorcerer)
 41949 | Abyss:2  | Noticed a bone dragon
 41957 | Abyss:2  | Killed a bone dragon
 41961 | Abyss:2  | Found a corrupted altar of Lugonu.
 41962 | Abyss:2  | Noticed a bone dragon
 41983 | Abyss:2  | Killed a bone dragon
 41999 | Abyss:2  | Reached skill level 15 in Invocations
 41999 | Abyss:2  | Found a corrupted altar of Lugonu.
 42180 | Elf:3    | Escaped the Abyss
 42492 | Elf:3    | Identified the ring "Waviun" {rN+ Will+ Int+4 Dex-4 Stlth+}
 42537 | Elf:3    | Identified the +6 mace "Kaipiof" {antimagic, *Noise rF+
                  | SInv}
 42556 | Elf:3    | Identified the +6 orcbow "Itixerus" {freeze, Will+++ Str+6}
 42565 | Elf:3    | Identified the +1 chain mail of Wug Nusa {rElec rC+ Int+4
                  | Slay+3}
 42570 | Elf:3    | Identified the staff "Raisin" {rF+ Summ Fire}
 42573 | Elf:3    | Identified the amulet "Zeef" {Faith Will+ Str+2}
 42641 | Elf:3    | Found the ring of the Mage {Wiz Archmagi}
 42654 | Elf:3    | Identified the +0 plate armour "Xiemaino" {rF+ Dex+2}
 42665 | Elf:3    | Upgraded the game from 0.32-a0-516-g94ed278 to
                  | 0.32-a0-519-g08f29ac
 42740 | Elf:3    | Bought a book of Spatial Translocations for 216 gold pieces
 42743 | Elf:3    | Learned a level 2 spell: Lesser Beckoning
 42787 | Elf:1    | Bought a +1 pair of boots of flying for 198 gold pieces
 42787 | Elf:1    | Bought a potion of might for 48 gold pieces
 42805 | Elf:1    | Bought a scroll of revelation for 97 gold pieces
 42805 | Elf:1    | Bought a scroll of revelation for 97 gold pieces
 42805 | Elf:1    | Bought 2 potions of curing for 78 gold pieces
 42953 | Vaults:1 | Entered Level 1 of the Vaults
 42966 | Vaults:1 | Reached skill level 1 in Translocations
 43488 | Vaults:1 | Reached skill level 5 in Translocations
 43594 | Vaults:1 | Found the +10 dark maul {heavy}
 44185 | Vaults:1 | Reached XP level 22. HP: 190/190 MP: 34/34
 44841 | Vaults:2 | Found a magical portal.
 44867 | WizLab   | Entered Eringya's Formal Garden
 45481 | WizLab   | Found a blossoming altar of Fedhas.
 45508 | WizLab   | Got the Incunabulum of Baleful Relocation
 45860 | Vaults:2 | Identified the +1 cloak "Sigorgh" {rF+ Int+2 Dex-2}
 46215 | Vaults:2 | Found a staircase to the Crypt.
 46597 | Vaults:2 | Acquired 892 gold pieces
 46635 | Vaults:2 | Found a shimmering blue altar of Sif Muna.
 47274 | Vaults:3 | Paralysed by a formless jellyfish for 1 turns
 48167 | Vaults:4 | Found a portal to a secret trove of treasure.
 48181 | Trove    | Entered a treasure trove
 48257 | Trove    | Reached XP level 23. HP: 203/203 MP: 35/35
 48355 | Vaults:4 | Found a runed translucent gate.
 48355 | Vaults:4 | Found a runed translucent gate.
 48355 | Vaults:4 | Found a runed translucent gate.
 48356 | Vaults:4 | Noticed alcopop's ghost (veteran CoGl)
 48400 | Vaults:4 | Reached skill level 10 in Translocations
 48400 | Vaults:4 | Reached XP level 24. HP: 188/210 MP: 35/35
 49217 | Vaults:4 | Found a roughly hewn altar of Beogh.
 49582 | Depths:1 | Entered Level 1 of the Depths
 49980 | Depths:1 | Found a gateway to Hell.
 50027 | Depths:1 | Found a runed translucent door.
 50771 | Depths:2 | Found a one-way gateway to a ziggurat.
 51169 | Depths:2 | Found a one-way gate leading to the halls of Pandemonium.
 51764 | Depths:3 | Noticed a juggernaut
 51776 | Depths:3 | Killed a juggernaut
 52177 | Depths:3 | Noticed a caustic shrike
 52185 | Depths:3 | Killed a caustic shrike
 52433 | Depths:3 | Reached XP level 25. HP: 203/217 MP: 35/35
 52716 | Depths:3 | Found a hide-covered altar of Uskayaw.
 52838 | Depths:3 | Identified the +1 rapier of the Volcano {flame, rPois rC+
                  | MP-9 Int+7}
 52966 | Depths:4 | Entered Level 4 of the Depths
 53079 | Depths:4 | Reached skill level 15 in Armour
 53079 | Depths:4 | Reached skill level 15 in Dodging
 53105 | Depths:4 | Found a gate to the Realm of Zot.
 53127 | Depths:4 | Upgraded the game from 0.32-a0-519-g08f29ac to
                  | 0.32-a0-520-g344ed53
 53388 | Depths:4 | Noticed Parghit
 53403 | Depths:4 | Killed Parghit
 53612 | Depths:4 | Found the ring of the Octopus King
 53633 | Depths:4 | Noticed Grunn
 53643 | Depths:4 | Killed Grunn
 54160 | Depths:4 | Found Unei's Superior Scales.
 54466 | Depths:4 | Identified a ring of the Octopus King {HP+2 AC+2 EV+2 SH+2
                  | SInv}
 54776 | Slime:1  | Entered Level 1 of the Pits of Slime
 54869 | Slime:3  | Noticed Dissolution
 54879 | Slime:3  | Paralysed by a formless jellyfish for 1 turns
 54923 | Slime:2  | Killed Dissolution
 55110 | Slime:5  | Entered Level 5 of the Pits of Slime
 55137 | Slime:5  | Gained mutation: You sometimes lose your temper in combat.
                  | [a shining eye]
 55145 | Slime:5  | Paralysed by a formless jellyfish for 1 turns
 55304 | Slime:5  | Noticed the Royal Jelly
 55366 | Slime:4  | Lost mutation: You sometimes lose your temper in combat.
                  | [potion of mutation]
 55366 | Slime:4  | Gained mutation: Your magical capacity is low. (-10% MP)
                  | [potion of mutation]
 55366 | Slime:4  | Gained mutation: Your spells are a little harder to cast,
                  | but a little more powerful. [potion of mutation]
 55366 | Slime:4  | Gained mutation: You are strong-willed. (Will+) [potion of
                  | mutation]
 55782 | Slime:5  | Reached XP level 26. HP: 224/224 MP: 32/32
 55800 | Slime:5  | Gained mutation: You occasionally lose the ability to read
                  | scrolls when taking damage. [a shining eye]
 55931 | Slime:5  | Killed the Royal Jelly
 55996 | Slime:5  | Got the Grimoire of the Wyrd
 56029 | Slime:5  | Got a slimy rune of Zot
 56033 | Slime:5  | Got the Information on Terra Firma
 56107 | Slime:5  | Got Sif Muna's Elucidation of Compounds and the Zephyr
 56170 | Lair:5   | Lost mutation: You occasionally lose the ability to read
                  | scrolls when taking damage. [potion of mutation]
 56170 | Lair:5   | Lost mutation: Your magical capacity is low. (-10% MP)
                  | [potion of mutation]
 56170 | Lair:5   | Gained mutation: You are frail. (-10% HP) [potion of
                  | mutation]
 56170 | Lair:5   | Gained mutation: You have a pair of small horns on your
                  | head. [potion of mutation]
 56526 | Crypt:1  | Entered Level 1 of the Crypt
 56874 | Crypt:1  | Noticed Khufu
 56882 | Crypt:1  | Noticed a royal mummy
 56885 | Crypt:1  | Killed Khufu
 56896 | Crypt:1  | Killed a royal mummy
 57700 | Crypt:2  | Identified the +2 robe "Nosenoir" {rElec rCorr Archmagi}
 57700 | Crypt:2  | Noticed Boris
 57711 | Crypt:2  | Killed Boris
 57966 | Crypt:2  | Identified the +10 mace "Laec" {pain, rElec SInv}
 58032 | Crypt:2  | Acquired 531 gold pieces
 58120 | Crypt:3  | Entered Level 3 of the Crypt
 58151 | Crypt:3  | Noticed Vv
 58172 | Crypt:3  | Killed Vv
 58886 | Crypt:3  | Found the +8 arc blade {discharge, rElec}
 58986 | Crypt:3  | Found a staircase to the Tomb.
 59170 | Crypt:3  | Noticed a dread lich
 59171 | Crypt:3  | Noticed a dread lich
 59171 | Crypt:3  | Noticed an ancient lich
 59356 | Vaults:4 | Killed alcopop's ghost
 59446 | Vaults:4 | Reached skill level 15 in Evocations
 59446 | Vaults:4 | Reached XP level 27. HP: 207/207 MP: 37/37
 59508 | Vaults:5 | Entered Level 5 of the Vaults
 60155 | Vaults:5 | Identified the +3 robe of Wu Jian, Malding {Harm Regen+
                  | Str-4 Int+3}
 60155 | Vaults:5 | Noticed Boris
 60163 | Vaults:5 | Killed Boris
 60273 | Vaults:5 | Identified the +0 plate armour of the Arcane {Regen+ Str+3
                  | Int+3}
 60648 | Vaults:5 | Got a silver rune of Zot
 60814 | Vaults:5 | Got the Lectures on Energy
 60949 | Vaults:5 | Identified the +1 leather armour "Kaototok" {Dex+4}
 60977 | Vaults:5 | Identified the +1 scale mail "Haoqeiggih" {rF- Int+5
                  | Slay+2}
 61135 | Vaults:5 | Identified the +0 triple crossbow "Puli" {heavy, rF+ Will+}
 61136 | Vaults:5 | Identified the ring "Lopsann" {+Blink rF- rN+ Will- SInv}
 61178 | Vaults:5 | Identified the blade talisman of the Known World {rElec rF+
                  | Str+3 Dex+3}
 61685 | Depths:3 | Voluntarily entered the Abyss.
 61686 | Abyss:2  | Found a corrupted altar of Lugonu.
 61801 | Depths:3 | Escaped the Abyss
 61803 | Depths:3 | Voluntarily entered the Abyss.
 61803 | Abyss:3  | Found a corrupted altar of Lugonu.
 61920 | Abyss:3  | Found a candlelit altar of Ignis.
 62134 | Abyss:3  | Got an abyssal rune of Zot
 62183 | Depths:3 | Escaped the Abyss
 62237 | Depths:4 | Upgraded the game from 0.32-a0-520-g344ed53 to
                  | 0.32-a0-522-g3863d58
 62238 | Zot:1    | Entered Level 1 of the Realm of Zot
 62948 | Zot:1    | Got the Lectures on the Tempest and Prima Materia
 64691 | Zot:3    | Acquired a manual of Dodging
 66140 | Zot:4    | Noticed an orb of fire
 66255 | Zot:4    | Killed an orb of fire
 66260 | Zot:4    | Noticed an ancient lich
 66266 | Zot:4    | Killed an ancient lich
 66275 | Zot:4    | Found a stormy altar of Qazlal.
 66295 | Zot:4    | Identified the staff of Tumult {rC+ Str-4 Dex+6 Stlth--
                  | Fire Ice}
 66299 | Zot:4    | Identified the staff of Crystal {rElec Dex+4 Stlth-- Air
                  | Earth}
 66300 | Zot:4    | Identified the staff of Righteous Anger {Int+3 Stlth-- Fire
                  | Air Earth}
 66554 | Zot:5    | Entered Level 5 of the Realm of Zot
 67062 | Zot:5    | Noticed an ancient lich
 67073 | Zot:5    | Killed an ancient lich
 67257 | Zot:5    | Noticed an orb of fire
 67267 | Zot:5    | Gained mutation: You are clumsy. (Dex -2) [an orb of fire]
 67267 | Zot:5    | Noticed an orb of fire
 67269 | Zot:5    | Gained mutation: You occasionally lose the ability to read
                  | scrolls when taking damage. [an orb of fire]
 67275 | Zot:5    | Killed an orb of fire
 67288 | Zot:5    | Killed an orb of fire
 67302 | Zot:5    | Lost mutation: You have a pair of small horns on your head.
                  | [potion of mutation]
 67302 | Zot:5    | Lost mutation: Your spells are a little harder to cast, but
                  | a little more powerful. [potion of mutation]
 67302 | Zot:5    | Lost mutation: You are frail. (-10% HP) [potion of
                  | mutation]
 67302 | Zot:5    | Gained mutation: You have a beak for a mouth. [potion of
                  | mutation]
 67303 | Zot:5    | Lost mutation: You occasionally lose the ability to read
                  | scrolls when taking damage. [potion of mutation]
 67303 | Zot:5    | Lost mutation: You are clumsy. (Dex -2) [potion of
                  | mutation]
 67303 | Zot:5    | Lost mutation: You have a beak for a mouth. [potion of
                  | mutation]
 67303 | Zot:5    | Gained mutation: You are partially covered in iridescent
                  | scales. (AC +2) [potion of mutation]
 67303 | Zot:5    | Gained mutation: You are resistant to electric shocks.
                  | (rElec) [potion of mutation]
 67414 | Zot:5    | Noticed an ancient lich
 67427 | Zot:5    | Killed an ancient lich
 67459 | Zot:5    | Noticed an ancient lich
 67465 | Zot:5    | Killed an ancient lich
 67520 | Zot:5    | Noticed an orb of fire
 67526 | Zot:5    | Gained mutation: Your body sometimes deteriorates upon
                  | taking damage. [an orb of fire]
 67536 | Zot:5    | Killed an orb of fire
 67556 | Zot:5    | Noticed an ancient lich
 67590 | Zot:5    | Killed an ancient lich
 67773 | Zot:5    | Got the Orb of Zot
 68259 | D:10     | Noticed Kyepula the pandemonium lord
 68263 | D:10     | Identified the +3 robe "Vaud" {rElec rF+ rN+}
 68263 | D:10     | Noticed Boris
 68280 | D:9      | Killed Kyepula the pandemonium lord
 68313 | D:9      | Noticed Ubunidu the pandemonium lord
 68469 | D:2      | Noticed Jiuwy the pandemonium lord
 68486 | D:2      | Killed Jiuwy the pandemonium lord
 68555 | D:$      | Escaped with the Orb!

Illustrated notes

Levels and vault maps discovered:
D:1:      lightli_arrival_lavapool, layout_loops_ring,
          ebering_dispersal_statue_hall, kennysheep_nondescript
D:2:      layout_rooms
D:3:      layout_basic, nicolae_gozag_cash_rules_everything_around_me,
          general_overflow_altar, mainiacjoe_overflow_concentric_impassable,
          ebering_ghost_reflecting_pool
D:4:      layout_rooms, lemuel_doored_altar, serial_corexii_hall,
          corexii_hall_statues_deadend, chequers_hall_statues_wall_a,
          uniq_sigmund
D:5:      layout_cave_pools, minmay_temple_entry_wispy,
          dreamdust_mushroom_princess, uniq_duvessa
D:6:      layout_basic, trog_three_pillars_becter, uniq_edmund
D:7:      gammafunk_cloud_chamber, layout_layer_cave, uniq_maurice,
          uniq_crazy_yiuf_cottage
D:8:      layout_rooms, serial_park_tiny_1
D:9:      layout_loops_corners, grunt_temple_overflow_open,
          overflow_temple_1_default, david_lair_generic, hangedman_decor_points,
          small_chamber_with_monster, lightli_minifort
D:10:     minmay_recursive_quarters, layout_cave_pools, grunt_dithmenos_smoke,
          mainiacjoe_overflow_tiny_flanked, serial_shops,
          nicolae_shop_dealshenge, nicolae_inconvenience_store
D:11:     layout_stronghold, david_orc_3, ebering_ghost_gozag,
          nicolae_ashenzari_panopticon
D:12:     layout_long_grid, serial_undead, serial_undead_d, serial_undead_b,
          serial_undead_c, serial_undead_d
D:13:     layout_basic, grunt_vaults_entry_tiered, okawaru_altar_gauntlet_db,
          uniq_frances
D:14:     layout_gridville, serial_park_paths [serial_park_minivault_5x5_6],
          kennysheep_generic_room_8
D:15:     grunt_enter_depths_snipers, layout_gridville,
          serial_library_hellmonk_long_bookcase
Temple:   nicolae_temple_figure_zero
Lair:1:   layout_hall_layers, gammafunk_ghost_icy, basic_altar, disabler_island,
          infiniplex_staircase_pool_2, grunt_megastairs_2, uniq_urug,
          uniq_fannar, uniq_gastronok
Lair:2:   layout_regular_city, spider_nest_entry_web_field,
          serial_bayou_shore_a, grunt_megastairs_1, lemuel_fruit_tree
Lair:3:   beast_lair_carwin_large_3, layout_cellular_growth,
          elwin_shoals_entry_rooms, pdpol_lair_neglected_garden
Lair:4:   regret_index_malice_mire, layout_regular_city, grunt_megastairs_4,
          uniq_kirke, uniq_snorg
Lair:5:   hellmonk_lair_end_abyssal_woods, layout_cave_pods, slime_entry_1
Shoals:1: layout_shoals, gammafunk_ghost_split
Shoals:2: layout_shoals, nicolae_shoals_aquamancer_cove
Shoals:3: layout_shoals, nicolae_shoals_flooded_hall
Shoals:4: shoals_end_grunt_ice, layout_shoals,
          nicolae_shoals_kraken_intersection
Spider:1: layout_spider_delve
Spider:2: layout_spider_delve, nicolae_spider_bug_shape
Spider:3: layout_spider_delve, nicolae_spider_scorpion_nest,
          hangedman_spider_tarantella_strand, uniq_aizul, uniq_arachne
Spider:4: spider_rune_water
Slime:1:  layout_caves
Slime:2:  layout_caves, cheibrodos_slime_lost_civilization_4
Slime:3:  layout_caves, basic_altar, uniq_dissolution
Slime:4:  layout_caves
Slime:5:  slime_pit
Orc:1:    emtedronai_trogs_sanctum, layout_caves,
          portal_ice_cave_entry_pillars_2
Orc:2:    kennysheep_orc_mage_school, layout_diamond_mine, basic_altar,
          serial_shops, shop
Elf:1:    elf_arrival_001, layout_geoelf_octagon,
          portal_desolation_entry_nicolae_nacl, serial_shops, shop,
          hangedman_elven_crosses_minicolossus, hangedman_elven_ridges,
          minmay_shoptagon
Elf:2:    nicolae_elf_blades_splatter_lattice [nicolae_blade_entry_pointy_end],
          layout_geoelf_octagon, serial_shops, nicolae_shop_back_alley_shop,
          due_unseen_surprise, uniq_zenata
Elf:3:    elf_hall, layout_geoelf_diagonals, serial_shops, shop,
          minmay_strange_pillars, onia_ninara_cookie, minmay_shop_grove
Vaults:1: hangedman_vaults_stagger, nicolae_vaults_layer_cake_slice,
          grunt_vaults_swirl, serial_ice_g, ontoclasm_vaults_loading_screen,
          nicolae_vaults_octothorpe, nicolae_vaults_sesquioval_fish,
          nicolae_vaults_circle_grid_a, nicolae_vaults_shipping_containers_5,
          grunt_vaults_hallway_short, hangedman_vaults_impose,
          ontoclasm_vaults_shuriken, vaults_room_grunt_arrival_ludios,
          layout_vaults_big_cross
Vaults:2: lightli_enter_wizlab_magi_temple, nicolae_vaults_little_squares_2,
          v_misc_14, v_alt_pattern_1, v_misc_28,
          hangedman_vaults_stretched_pinwheel, vaults_mumra_chevron,
          serial_library_hellmonk_open_square, minmay_crypt_entry_nasty_monster,
          vaults_room_door_ring, layout_vaults_omnigrid
Vaults:3: vaults_room_door_hall, hangedman_vaults_unwind,
          nicolae_vaults_little_squares_4,
          vaults_standard_mumra_enter_the_diamond, v_pattern_3, v_misc_13,
          nicolae_vaults_twisting_passages, nicolae_vaults_trapezoid_layered,
          nicolae_vaults_storage_closets_3, nicolae_vaults_little_squares_1,
          vaults_dpeg_ring, layout_vaults_big_room
Vaults:4: biasface_ghost_orc_armoury, vaults_room_fancy_cross,
          ontoclasm_vaults_ring_large, ontoclasm_vaults_chip,
          nicolae_vaults_mitosis, nicolae_vaults_storage_room_glass, v_misc_30,
          nicolae_vaults_more_shelving_1, v_misc_28, nicolae_vaults_little_ls,
          grunt_vaults_focal, nicolae_vaults_frosty_reception,
          layout_vaults_ring, enter_trove_1
Vaults:5
Crypt:1:  layout_chaotic_city, uniq_khufu
Crypt:2:  layout_misc_corridors, uniq_boris
Crypt:3:  david_glass_crypt, layout_misc_corridors, uniq_vv
Depths:1: layout_big_octagon, pf_hell_entry_tar_spiral,
          nicolae_kite_square_tiling_tiny, minmay_crystal_box
Depths:2: minmay_expanding_squares, layout_gridlike, enter_ziggurat_e,
          rand_demon_pan_entry_5, hell_entry
Depths:3: minmay_concentric_multi, layout_honeycomb, grunt_pan_entry_zigzag,
          abyss_entry_crystal, lightli_too_deep, nicolae_uskayaw_suspiria
Depths:4: evilmike_zot_entry_argh, layout_gridlike, abyss_entry_glasseish,
          hell_entry, hellmonk_scale_shop, uniq_parghit, uniq_grunn
Zot:1:    layout_misc_corridors
Zot:2:    lemuel_acid_trip, layout_concentric_octagons
Zot:3:    grunt_twist_and_shout, layout_onion_interference,
          hangedman_zot_decor_tridents
Zot:4:    regret_index_qazlal_generations, layout_misc_corridors
Zot:5:    layout_gridlike

Skill      XL: |  1  2  3  4  5  6  7  8  9 10 11 12 13 14 15 16 17 18 19 20 21 22 23 24 25 26 27 |
---------------+----------------------------------------------------------------------------------+-----
Stealth        | 1 2 |  2.0
Fighting       | 2 3 5 6 8 12 13 14 15 16 17 20 22 24 | 24.0
Evocations     | 5 6 8 10 11 12 15 19 | 19.3
Dodging        | 1 2 6 7 8 10 12 14 16 20 | 20.0
Armour         | 2 4 10 12 14 16 20 | 20.0
Axes           | 6 10 13 14 15 16 17 | 17.3
Invocations    | 2 4 5 8 10 12 13 16 17 20 24 | 24.0
Throwing       | 2 7 11 12 | 12.0
Polearms       | 5 7 |  7.3
Translocations | 7 9 10 | 10.0

Action                     |  1- 3 |  4- 6 |  7- 9 | 10-12 | 13-15 | 16-18 | 19-21 | 22-24 | 25-27 || total
---------------------------+-------+-------+-------+-------+-------+-------+-------+-------+-------++-------
  Melee: Dagger            |    86 |    59 |   110 |       |       |       |       |       |       ||   255
         Club              |     9 |       |       |       |       |       |       |       |       ||     9
         Short sword       |    16 |       |       |       |       |       |       |       |       ||    16
         Rapier            |    44 |    16 |       |       |       |       |       |       |       ||    60
         Whip              |       |    42 |   187 |   402 |    72 |       |       |       |       ||   703
         Hand axe          |       |       |    88 |   400 |   167 |       |       |       |       ||   655
         War axe           |       |       |       |       |   716 |       |   949 |   850 |  1936 ||  4451
         Lance             |       |       |       |       |   160 |   966 |  1223 |   903 |  2255 ||  5507
         Broad axe         |       |       |       |       |   121 |   833 |   191 |       |       ||  1145
         Unarmed           |       |       |       |       |       |       |     8 |       |       ||     8
         Headbutt          |       |       |       |       |       |       |       |       |   514 ||   514
  Throw: Stone             |     4 |     6 |    34 |    20 |    34 |     8 |       |       |       ||   106
         Boomerang         |       |     2 |       |       |       |       |    98 |    47 |   221 ||   368
         Javelin           |       |     1 |     2 |       |       |       |     3 |       |       ||     6
         Dart              |       |       |     7 |    34 |    49 |     7 |       |     1 |       ||    98
         Throwing net      |       |       |       |       |       |       |       |       |     2 ||     2
   Cast: Lesser Beckoning  |       |       |       |       |       |       |     2 |    39 |       ||    41
         Blink             |       |       |       |       |       |       |       |     3 |     5 ||     8
         Apportation       |       |       |       |       |       |       |       |       |     8 ||     8
 Invoke: Upheaval          |       |       |       |     4 |    26 |     4 |    10 |       |    40 ||    84
         Disaster Area     |       |       |       |       |     2 |     2 |     1 |       |     4 ||     9
         Elemental Force   |       |       |       |       |       |     2 |     1 |       |     7 ||    10
  Evoke: Wand              |     2 |     8 |     9 |    20 |     8 |     3 |     1 |     2 |     3 ||    56
         Condenser vane    |       |       |       |       |       |       |       |       |     1 ||     1
    Use: Scroll            |       |       |     8 |    12 |    21 |     6 |     4 |     3 |    21 ||    75
         Potion            |       |       |       |     2 |       |       |     4 |     2 |    30 ||    38
   Stab: Sleeping          |     2 |     2 |     1 |       |       |       |       |     5 |       ||    10
         Paralysed         |       |       |       |       |       |     2 |       |       |    13 ||    15
         Distracted        |       |       |       |       |       |     1 |       |       |     1 ||     2
         Held in net/web   |       |       |       |       |       |       |       |       |     3 ||     3
         Invisible         |       |       |       |       |       |       |       |       |     6 ||     6
         Petrified         |       |       |       |       |       |       |       |       |     2 ||     2
         Petrifying        |       |       |       |       |       |       |       |       |     1 ||     1
 Armour: Leather armour    |    42 |    31 |    97 |    46 |       |       |       |       |       ||   216
         Skin              |       |       |       |    17 |       |       |     3 |       |       ||    20
         Robe              |       |       |       |   133 |   242 |   239 |       |       |       ||   614
         Chain mail        |       |       |       |       |       |   359 |   175 |       |       ||   534
         Swamp dragon scal |       |       |       |       |       |       |   430 |   447 |  1096 ||  1973
  Dodge: Dodged            |    48 |    17 |    70 |   159 |   201 |   373 |   369 |   285 |   830 ||  2352
         Repelled          |       |       |       |     6 |    27 |    42 |   107 |    38 |   202 ||   422
  Block: Other             |     8 |     8 |    42 |   110 |   172 |   354 |   402 |   217 |   580 ||  1893
         Reflection        |       |       |     1 |     9 |     6 |    27 |    62 |    31 |    28 ||   164

Table legend: (Time is in decaauts)
 A = Elapsed time spent in this place.
 B = Non-inter-level travel time spent in this place.
 C = Inter-level travel time spent in this place.
 D = Time resting spent in this place.
 E = Time spent auto-exploring this place.
 F = Levels seen in this place.
 G = Mean time per level.
                   A        B        C        D        E       F      G
               +--------+--------+--------+--------+--------+-----+--------+
         Total |  66250 |  59824 |   6426 |   8271 |  35110 |  64 | 1035.2 |
       Dungeon |  18626 |  16040 |   2586 |   1806 |   9332 |  15 | 1241.7 |
        Temple |     22 |      7 |     15 |      0 |      0 |   1 |   22.0 |
          Lair |   8359 |   7588 |    771 |   1227 |   4869 |   5 | 1671.8 |
        Shoals |   4134 |   3914 |    220 |    461 |   2410 |   4 | 1033.5 |
   Spider Nest |   5618 |   4995 |    623 |   1215 |   2979 |   4 | 1404.5 |
    Slime Pits |   1282 |   1236 |     46 |    695 |      0 |   5 |  256.4 |
  Orcish Mines |   1910 |   1638 |    272 |    274 |    832 |   2 |  955.0 |
   Elven Halls |   2997 |   2747 |    250 |    260 |   1732 |   3 |  999.0 |
        Vaults |   7801 |   6847 |    954 |    545 |   4843 |   5 | 1560.2 |
         Crypt |   2423 |   2359 |     64 |    194 |   1514 |   3 |  807.7 |
        Depths |   4968 |   4615 |    353 |    501 |   3057 |   4 | 1242.0 |
           Zot |   5288 |   5018 |    270 |    857 |   2803 |   5 | 1057.6 |
         Abyss |    818 |    818 |      0 |     48 |     17 |   4 |  204.5 |
         Trove |     95 |     95 |      0 |      0 |     72 |   1 |   95.0 |
      Ice Cave |    422 |    422 |      0 |     12 |     33 |   1 |  422.0 |
        Wizlab |    677 |    677 |      0 |     44 |    408 |   1 |  677.0 |
    Desolation |    804 |    804 |      0 |    128 |    209 |   1 |  804.0 |
               +--------+--------+--------+--------+--------+-----+--------+

Top non-repeatable levels by time:
     D:7: 2510 daAuts
     D:9: 2470 daAuts
Spider:2: 2213 daAuts
  Lair:1: 2130 daAuts
  Lair:3: 1956 daAuts
Vaults:1: 1808 daAuts
Vaults:5: 1672 daAuts
  Lair:4: 1610 daAuts
Vaults:2: 1605 daAuts
  Lair:5: 1575 daAuts
     D:6: 1521 daAuts
Depths:4: 1504 daAuts
   Elf:3: 1451 daAuts
Depths:3: 1437 daAuts
    D:11: 1408 daAuts
